 Dungeon Crawl Stone Soup version 0.31.0-4-g52a2dc7128 (webtiles) character file.

Game seed: 466459795845001066

273 ymhsbmbesitwf the Gusty (level 6, 0/34 HPs)
             Began as a Deep Elf Air Elementalist on Jan 21, 2024.
             Succumbed to a kobold brigand's poison
             ... in a sewer.
             The game lasted 00:09:56 (3279 turns).

ymhsbmbesitwf the Gusty (Deep Elf Air Elementalist) Turns: 3279, Time: 00:09:57

Health: 0/34       AC:  2    Str:  5    XL:     6   Next: 3%
Magic:  4/14       EV: 18    Int: 22    God:
Gold:   139        SH:  0    Dex: 15    Spells: 10/13 levels left

rFire   . . .        a - +2 sling (flame)
rCold   . . .        (no shield)
rNeg    . . .        j - +0 robe
rPois   .            (no helmet)
rElec   .            (no cloak)
rCorr   .            (no gloves)
SInv    .            (no boots)
Will    .....        (no amulet)
Stlth   +            q - ring of wizardry
HPRegen 0.25/turn    x - +5 ring of evasion
MPRegen 0.14/turn

%: wizardry (x1)
@: brilliant, lethally poisoned (0 -> -1), very slow
A: no striking features
a: no special abilities


You were in a sewer.
You visited 1 branch of the dungeon, and saw 4 of its levels.
You also visited: Sewer.

You collected 139 gold pieces.

Inventory:

Hand Weapons
 a - a +2 sling of flaming (weapon)
 b - a +3 whip
Armour
 j - a +0 robe (worn)
Jewellery
 g - a ring of fire
 q - a ring of wizardry (left hand)
 x - a +5 ring of evasion (right hand)
Wands
 w - a wand of charming (11)
Scrolls
 c - 2 scrolls of amnesia {unknown}
 f - 3 scrolls of fear {unknown}
 h - 3 scrolls of identify {unknown}
 i - 2 scrolls of enchant weapon {unknown}
 k - 2 scrolls of acquirement {unknown}
 o - a scroll of revelation {unknown}
 p - a scroll of brand weapon {unknown}
 r - a scroll of fog {unknown}
 s - a scroll of immolation {unknown}
 u - a scroll of teleportation {unknown}
 v - a scroll of noise {unknown}
Potions
 d - a potion of enlightenment {unknown}
 e - a potion of brilliance
 l - a potion of magic
 m - 2 potions of lignification {unknown}
 n - a potion of attraction {unknown}
 t - a potion of might {unknown}


   Skills:
 - Level 1.0 Fighting
 + Level 2.8 Dodging
 + Level 3.3 Stealth
 + Level 4.2 Spellcasting
 + Level 4.2 Conjurations
 * Level 4.3 Air Magic


You had 10 spell levels left.
You knew the following spells:

 Your Spells              Type           Power      Damage    Failure   Level
a - Shock                 Conj/Air       100%       1d9       1%          1
b - Static Discharge      Conj/Air       70%        3-6/arc   1%          2

Your spell library contained the following spells:

 Spells                   Type           Power      Damage    Failure   Level
 Magic Dart               Conj           100%       1d8       1%          1
 Swiftness                Air            35%        N/A       2%          3
 Slow                     Hex            24%        N/A       4%          1
 Blink                    Tloc           12%        N/A       7%          2
 Call Imp                 Summ           12%        N/A       7%          2
 Airstrike                Air            17%        2d(3-19)  8%          4
 Confusing Touch          Hex            6%         N/A       13%         3
 Sigil of Binding         Hex            6%         N/A       13%         3
 Vampiric Draining        Necr           6%         2d6       13%         3


Dungeon Overview and Level Annotations

Branches:
Dungeon (4/15)              Sewer (1/1)
 Temple: D:4-7

Altars:


Message History

You shoot a sling bullet.
The sling bullet barely misses the kobold brigand. x2
You feel sick.
You enter the shallow water.
Moving in this stuff is going to be slow.
You feel sick.
The kobold brigand hits you with a +0 dagger.
Casting: Shock (safe; 1% risk of failure)
Confirm with . or Enter, or press ? or * to list all spells.
The kobold brigand is struck by an arc of lightning.
The kobold brigand is moderately wounded.
The kobold brigand is struck by an arc of lightning.
The kobold brigand is heavily wounded.
The lightning grounds out.
The kobold brigand is struck by an arc of lightning.
The kobold brigand is severely wounded.
You are struck by an arc of lightning.
The lightning grounds out.
You feel sick. The kobold brigand closely misses you.
Casting: Static Discharge (safe; 1% risk of failure)
Confirm with . or Enter, or press ? or * to list all spells.
The kobold brigand is struck by an arc of lightning.
The kobold brigand is heavily wounded.
The kobold is struck by an arc of lightning!
You kill the kobold!
You hear a splash.
You are struck by an arc of lightning.
The kobold brigand is struck by an arc of lightning.
The kobold brigand is heavily wounded.
The lightning grounds out.
The kobold brigand is struck by an arc of lightning.
The kobold brigand is almost dead.
You are struck by an arc of lightning.
The lightning grounds out.
You feel sick.
The kobold brigand hits you with a +0 dagger.
* * * LOW HITPOINT WARNING * * *
The kobold brigand hits you with a +0 dagger.
* * * LOW HITPOINT WARNING * * *
It was a potion of brilliance.
You feel clever all of a sudden.
You die...

#~# #~# #~# #~#
#~# #~#
##~#########
###~~~.K)~...#
....~~~~~@K~~..#
~~≈~~~~~~~≈≈≈~)#
≈≈≈≈≈≈≈≈≈≈≈≈≈≈~.).
~~~~~~~~~~K≈≈≈~~#.
......~~~~~~~~~.#
##.###.~...~~...#
#∩ ############


You could see 2 kobold brigands and a kobold.

Vanquished Creatures
  An ogre (D:3)
  A gnoll bouda (D:4)
  A jelly (D:3)
  3 gnolls (D:4)
  2 river rats (Sewer)
  2 adders (D:3)
  2 dart slugs (D:2)
  A ribbon worm (D:2)
  3 orcs (D:3)
  5 endoplasms
  2 giant cockroaches
  A goblin (D:2)
  3 hobgoblins
  A jackal (Sewer)
  3 quokkas
  5 ball pythons
  5 bats
  4 frilled lizards
  10 kobolds
  4 rats
59 creatures vanquished.

Notes
Turn   | Place    | Note
-------+----------+-------------------------------------------
     0 | D:1      | ymhsbmbesitwf the Deep Elf Air Elementalist began the quest
                  | for the Orb.
     0 | D:1      | Reached XP level 1. HP: 10/10 MP: 6/6
   567 | D:1      | Reached XP level 2. HP: 15/15 MP: 6/8
  1084 | D:2      | Learned a level 2 spell: Static Discharge
  1725 | D:2      | Reached XP level 3. HP: 15/19 MP: 6/9
  2195 | D:3      | Noticed an ogre
  2202 | D:3      | Killed an ogre
  2203 | D:3      | Reached skill level 1 in Fighting
  2203 | D:3      | Reached XP level 4. HP: 8/25 MP: 0/11
  2420 | D:3      | Reached XP level 5. HP: 29/29 MP: 8/12
  2680 | D:3      | Found a faded altar of an unknown god.
  2690 | D:3      | Got Plato's Disquisition on Trauma
  3121 | D:4      | Found a glowing drain.
  3130 | Sewer    | Entered a sewer
  3142 | Sewer    | Reached XP level 6. HP: 24/34 MP: 0/14
  3278 | Sewer    | HP: 1/34 [kobold brigand/+0 dagger (5)]
  3279 | Sewer    | Succumbed to a kobold brigand's poison

Illustrated notes

Levels and vault maps discovered:
D:1:      dpeg_arrival_rhombus, layout_loops_ring, serial_aquarium,
          aquarium_bridge_square [aquarium_subvault_bridge,
          aquarium_subvault_wall, aquarium_subvault_bridge,
          aquarium_subvault_bridge], aquarium_bridge_island_small
          [aquarium_subvault_small_open, aquarium_subvault_bridge,
          aquarium_subvault_bridge, aquarium_subvault_bridge,
          aquarium_subvault_wall], aquarium_window_fake, aquarium_window_fake,
          aquarium_view_2b, aquarium_balcony_5b, minmay_misc_feat_plants
D:2:      layout_loops_corners, roderic_lattice_a
D:3:      layout_loops_ring, shapermc_ecumenical_altar_rom_forum, minmay_cut_off
D:4:      layout_basic, cheibrodos_sewer_entry_drain, st_stairs_10,
          nicolae_twisty_statue_hallways
Sewer:    sewer_kobolds

Skill      XL: |  1  2  3  4  5 |
---------------+----------------+-----
Conjurations   | 2 3 4 |  4.2
Fighting       | 1 |  1.0
Stealth        | 3 |  3.3
Air Magic      | 4 |  4.3
Spellcasting   | 4 |  4.2
Dodging        | |  2.8

Action                     |  1- 3 |  4- 6 || total
---------------------------+-------+-------++-------
   Fire: Sling             |    21 |    14 ||    35
   Cast: Shock             |    50 |    45 ||    95
         Static Discharge  |     5 |     7 ||    12
    Use: Potion            |       |     1 ||     1
 Armour: Robe              |    11 |    11 ||    22
  Dodge: Dodged            |     6 |    13 ||    19
